 Dungeon Crawl Stone Soup version 0.30-a0-465-g8901f6c8b5 (webtiles) character file.

Game seed: 3853189025869918519

1444011 oldriver the Conqueror (level 27, 249/249 HPs)
             Began as a Barachi Hexslinger on Dec 18, 2022.
             Was the Champion of Cheibriados.
             Escaped with the Orb
             ... and 3 runes on Dec 19, 2022!
             The game lasted 03:43:27 (96228 turns).

oldriver the Conqueror (Barachi Hexslinger)        Turns: 96228, Time: 03:43:28

Health: 249/249    AC: 44    Str: 43    XL:     27
Magic:  24/24      EV: 36    Int: 33    God:    Cheibriados [******]
Gold:   4268       SH: 14    Dex: 34    Spells: 27/28 levels left

rFire   + + +      SeeInvis +    b - +3 eudemon blade (holy)
rCold   + + +      Faith    .    i - +3 buckler {reflect}
rNeg    + + .      Spirit   .    l - +8 gold dragon scales
rPois   +          Reflect  +    P - -2 hat of the Alchemist {rElec rPois rF+ rC+ rN+ Will+ rMut rCorr}
rElec   +          Harm     .    u - +2 cloak
rCorr   +          Rampage  .    E - +3 pair of gloves "Eceutt" {Regen+ Stlth+}
rMut    +                        Q - +0 pair of boots {Fly}
Will    ++++.                    S - dreamshard necklace {*Dream Drain}
Stlth   ..........               e - ring of Siredic {rElec rF+ rN+ Str+6 SInv}
HPRegen 1.41/turn                I - ring of Sabast {Will+ Str+6 Int+4 Dex-3}
MPRegen 0.19/turn

@: unable to hop, flying, studying Air Magic, very slow
A: amphibious, slowness 1, strong legs 2, +LOS, cold resistance 1, screaming 1
0: Orb of Zot
}: 3/15 runes: decaying, silver, gossamer
a: Hop, Renounce Religion, Bend Time, Temporal Distortion, Slouch, Step From
Time


You escaped.
You worshipped Cheibriados.
Cheibriados was exalted by your worship.
You visited 11 branches of the dungeon, and saw 51 of its levels.
You visited the Abyss 1 time.
You also visited: Sewer, Bailey, Ice Cave and Wizlab.

You collected 7718 gold pieces.
You spent 3446 gold pieces at shops.
You donated 4 gold pieces to Zin.

Inventory:

Hand Weapons
 a - a +9 hand crossbow of draining
 b - a +3 eudemon blade of holy wrath (weapon)
Missiles
 R - 2 throwing nets
Armour
 i - a +3 buckler of reflection (worn)
 j - the +3 Mad Mage's Maulers {Infuse+∞ RegenMP Int-3}
   (You bought it in a shop on level 2 of the Depths)

   It empowers its wearer's blows with all of their magic.
   It causes its wearer's magical reserves to regenerate more quickly.
   Int:       It affects your intelligence (-3).
 l - +8 gold dragon scales (worn)
 u - a +2 cloak (worn)
 E - the +3 pair of gloves "Eceutt" (worn) {Regen+ Stlth+}
   (You found it on level 5 of the Vaults)

   Regen:     It increases your rate of health regeneration.
   Stlth:     It makes you more stealthy.
 P - the -2 hat of the Alchemist (worn) {rElec rPois rF+ rC+ rN+ Will+ rMut rCorr}
   (You acquired it on level 1 of the Vaults)

   rF:        It protects you from fire.
   rC:        It protects you from cold.
   rElec:     It insulates you from electricity.
   rPois:     It protects you from poison.
   rN:        It protects you from negative energy.
   rCorr:     It protects you from acid and corrosion.
   rMut:      It protects you from mutation.
   Will:      It increases your willpower.
 Q - a +0 pair of boots of flying (worn)
Jewellery
 e - the ring of Siredic (left hand) {rElec rF+ rN+ Str+6 SInv}
   (You found it on level 4 of the Depths)

   [ring of strength]

   Str:       It affects your strength (+6).
   rF:        It protects you from fire.
   rElec:     It insulates you from electricity.
   rN:        It protects you from negative energy.
   SInv:      It lets you see invisible.
 k - a +6 ring of strength
 n - a +4 ring of evasion
 F - the ring "Qihitenlo" {+Blink rC+ rN+ Str+5 Dex-3}
   (You found it on level 4 of the Realm of Zot)

   [ring of protection from cold]

   Str:       It affects your strength (+5).
   Dex:       It affects your dexterity (-3).
   rC:        It protects you from cold.
   rN:        It protects you from negative energy.
   +Blink:    It lets you blink.
 I - the ring of Sabast (right hand) {Will+ Str+6 Int+4 Dex-3}
   (You found it on level 4 of the Depths)

   [ring of strength]

   Str:       It affects your strength (+6).
   Int:       It affects your intelligence (+4).
   Dex:       It affects your dexterity (-3).
   Will:      It increases your willpower.
 S - the dreamshard necklace (around neck) {*Dream Drain}
   (You found it on level 3 of the Vaults)

   [amulet of nothing]

   It shatters if its wearer takes lethal or near-lethal damage, preventing the
   blow and releasing protective dreams that heal and fight for the wearer.
   Drain:     It drains your maximum health when unequipped.
 X - the ring "Hunatimo" {rC+ Str+6 Int-5 Dex+4}
   (You took it off a deep elf blademaster on level 3 of the Elven Halls)

   [ring of strength]

   Str:       It affects your strength (+6).
   Int:       It affects your intelligence (-5).
   Dex:       It affects your dexterity (+4).
   rC:        It protects you from cold.
Wands
 f - a wand of iceblast (37)
 x - a wand of polymorph (38)
 G - a wand of charming (25)
 H - a wand of mindburst (44)
 J - a wand of digging (2)
 T - a wand of flame (77)
 W - a wand of quicksilver (5)
Scrolls
 m - 14 scrolls of poison
 r - 6 scrolls of blinking
 v - 5 scrolls of fog
 y - 17 scrolls of teleportation
 z - 3 scrolls of fear
 C - 3 scrolls of silence
 M - 7 scrolls of butterflies
 V - 10 scrolls of amnesia
Potions
 c - 18 potions of curing
 g - 13 potions of mutation
 h - 2 potions of berserk rage
 o - 12 potions of flight
 q - a potion of might
 s - a potion of resistance
 t - 11 potions of brilliance
 w - 4 potions of cancellation
 A - 3 potions of heal wounds
 B - 2 potions of magic
 L - 8 potions of lignification
 U - 5 potions of ambrosia
 Z - 2 potions of invisibility
Miscellaneous
 d - a lightning rod (4/4)
 p - a box of beasts
 D - a condenser vane
 K - a phantom mirror
 Y - a tin of tremorstones (2/2)


   Skills:
 O Level 27 Fighting
 - Level 14.0 Long Blades
 - Level 18.0 Ranged Weapons
 O Level 27 Armour
 + Level 26.5 Dodging
 - Level 5.0 Stealth
 - Level 15.0 Shields
 - Level 1.1 Spellcasting
 - Level 3.2 Hexes
 - Level 14.0 Evocations


You had 27 spell levels left.
You knew the following spells:

 Your Spells              Type           Power      Damage    Failure   Level
a - Slow                  Hex            92%        N/A       7%          1

Your spell library contained the following spells:

 Spells                   Type           Power      Damage    Failure   Level
 Ensorcelled Hibernation  Hex/Ice        24%        N/A       21%         2
 Apportation              Tloc           2%         N/A       26%         1
 Necrotise                Necr           4%         1d4       26%         1
 Shock                    Conj/Air       4%         1d3       26%         1
 Summon Small Mammal      Summ           4%         N/A       26%         1
 Cigotuvi's Dreadful Rot  Necr/Pois/Air  2%         N/A       38%         2
 Passwall                 Tmut/Erth      0%         N/A       38%         2
 Sublimation of Blood     Necr           1%         N/A       38%         2
 Dazzling Flash           Conj/Hex       24%        N/A       38%         3
 Inner Flame              Hex/Fire       12%        N/A       38%         3
 Portal Projectile        Hex/Tloc       24%        N/A       38%         3
 Cause Fear               Hex            11%        N/A       56%         4
 Gell's Gravitas          Tloc           1%         N/A       63%         3
 Ignite Poison            Fire/Tmut/Pois 1%         N/A       63%         3
 Lesser Beckoning         Tloc           2%         N/A       63%         3
 Mephitic Cloud           Conj/Pois/Air  1%         N/A       63%         3
 Ozocubu's Armour         Ice            1%         N/A       63%         3
 Swiftness                Air            1%         N/A       63%         3
 Teleport Other           Tloc           1%         N/A       63%         3
 Vampiric Draining        Necr           1%         2d6       63%         3
 Leda's Liquefaction      Hex/Erth       6%         N/A       80%         4
 Airstrike                Air            0%         2d(1-17)  95%         4
 Animate Dead             Necr           1%         N/A       95%         4
 Dispel Undead            Necr           1%         3d6       95%         4
 Flame Wave               Conj/Fire      1%         2d4       95%         4
 Manifold Assault         Tloc           1%         N/A       95%         4
 Passage of Golubria      Tloc           1%         N/A       95%         4
 Petrify                  Tmut/Erth      1%         N/A       95%         4
 Metabolic Englaciation   Hex/Ice        6%         N/A       98%         5
 Silence                  Hex/Air        6%         N/A       98%         5
 Yara's Violent Unravell  Hex/Tmut       6%         3d5       98%         5
 Agony                    Necr           1%         N/A       100%        5
 Alistair's Intoxication  Tmut/Pois      0%         N/A       100%        5
 Borgnjor's Vile Clutch   Necr/Erth      0%         N/A       100%        5
 Irradiate                Conj/Tmut      0%         3d11      100%        5
 Lee's Rapid Deconstruct  Erth           0%         3d4*      100%        5
 Summon Forest            Summ/Tloc      0%         N/A       100%        5
 Death Channel            Necr           0%         N/A       100%        6
 Dispersal                Tloc           0%         N/A       100%        6
 Eringya's Noxious Bog    Tmut/Pois      0%         N/A       100%        6
 Simulacrum               Ice/Necr       0%         N/A       100%        6
 Statue Form              Tmut/Erth      0%         N/A       100%        6
 Dragon Form              Tmut           0%         N/A       100%        7
 Haunt                    Necr/Summ      0%         N/A       100%        7
 Malign Gateway           Summ/Tloc      0%         N/A       100%        7
 Storm Form               Tmut/Air       0%         N/A       100%        7
 Summon Hydra             Summ           0%         N/A       100%        7
 Borgnjor's Revivificati  Necr           0%         N/A       100%        8
 Discord                  Hex            11%        N/A       100%        8
 Disjunction              Tloc           0%         N/A       100%        8
 Lehudib's Crystal Spear  Conj/Erth      0%         10d2      100%        8
 Necromutation            Tmut/Necr      0%         N/A       100%        8
 Summon Horrible Things   Summ           0%         N/A       100%        8


Dungeon Overview and Level Annotations

Branches:
Dungeon (15/15)            Temple (1/1) D:5            Lair (5/5) D:9
  Swamp (4/4) Lair:2       Spider (4/4) Lair:2        Slime (0/5) Lair:5
    Orc (2/2) D:9             Elf (3/3) Orc:2        Vaults (5/5) D:13
  Crypt (3/3) Vaults:3       Tomb (0/3) Crypt:3      Depths (4/4) D:15
    Zot (5/5) Depths:4      Sewer (visited)          Bailey (visited)
  IceCv (visited)          WizLab (visited)

Altars:
Ashenzari
Cheibriados
Dithmenos
Elyvilon
Fedhas
Gozag
Hepliaklqana
Kikubaaqudgha
Makhleb
Nemelex Xobeh
Okawaru
Qazlal
Ru
Sif Muna
Trog
Uskayaw
Vehumet
Wu Jian
Xom
Yredelemnul
Zin
The Shining One
Jiyva

Shops:
D:4 (   D:11 [   Orc:2 :[(*   Elf:3 [   Vaults:2 (   Vaults:3 ((   Vaults:4 *
Depths:1 [(   Depths:2 ?[*

Portals:
Hell: Depths:1 Depths:2 Depths:3 Depths:4
Abyss: Depths:2 Depths:3 Depths:4
Pandemonium: Depths:2
Ziggurat: Depths:4

Annotations:
D:10 6 transporters
D:13 3 transporters
D:15 1 transporter, Notaij's ghost, journeyman DrEE
Lair:1 2 transporters
Lair:3 exclusion: oklob plant
Spider:4 3 runed translucent doors, Jiddual's ghost, adept NaFE
Orc:1 Snorg
Elf:1 2 transporters, Zonian's ghost, adept DjIE
Elf:2 3 runed translucent doors
Vaults:2 3 runed translucent doors, Anna's ghost, adept MiFi
Vaults:3 exclusion: orange crystal statue
Vaults:4 1 transporter
Depths:3 3 runed translucent doors, freelancePsychic's ghost, veteran DsGl
Depths:4 2 transporters


Innate Abilities, Weirdness & Mutations

You are amphibious.
You cover ground slowly.
You can hop long distances.
You have an extended range of vision and can be seen from far away.
Your flesh is cold resistant. (rC+)
You occasionally shout uncontrollably at your foes.


Message History

You fly upwards.
There is a stone staircase leading down here.
There is a stone staircase leading up here.
You fly upwards.
You are ready to hop once more.
There is a stone staircase leading down here.
There is a stone staircase leading up here.
You fly upwards.
There is a stone staircase leading down here.
(D) Dungeon (T) Temple (L) Lair (S) Swamp (N) Spider Nest (M) Slime Pits (O) Orcish Mines (E) Elven Halls (V) Vaults (C) Crypt (W) Tomb (U) Depths (H) Hell (Z) Zot
Where to? (Enter - D:1, ? - help)
Okay, then.
A neqoxec comes into view.
The neqoxec shouts!
You block the neqoxec's attack. The neqoxec barely misses you.
The neqoxec hits you but does no damage.
You slice the neqoxec!!
The neqoxec convulses!!
You kill the neqoxec!
Cheibriados thoroughly appreciates the change of pace.
No target in view!
No target in view!
(D) Dungeon (T) Temple (L) Lair (S) Swamp (N) Spider Nest (M) Slime Pits (O) Orcish Mines (E) Elven Halls (V) Vaults (C) Crypt (W) Tomb (U) Depths (H) Hell (Z) Zot
Where to? (Enter - D:1 @ (x,y), ? - help)
You reach down and open the door.
There is an open door here.
Aiming: Dig
Press: ? - help, Shift-Dir - straight line This square is covered in magical glow.
The rock shatters into small pieces.
Hop to where?
Press: ? - help, Dir - move target Boing!
Unknown command.
You have escaped!

#...........................
#...........#...........##.#
##........................#.#
##............#..(....####.#.#
#.............................
#≈§........##.#.......####.##.
#§§.§§....######.###### #.##.
#§§≈≈.≈≈.........# #.##.
#§≈≈≈≈≈≈≈...#@.#.# #.##.
#≈≈§≈§§≈§≈..##...# #.##.
#≈§§§≈≈≈§§§§...#.# #.###
#≈≈§≈≈§§≈§≈......# #....
#≈≈§§≈≈≈≈≈§....### #####
#≈§§§§≈≈§≈≈....#
§§≈§≈≈§≈≈.....#
≈_≈≈≈≈§≈≈≈≈...# §≈≈≈≈≈≈≈≈≈..#


There were no monsters in sight!

Vanquished Creatures
  4 dread liches
  3 ancient liches
  Mennas (Vaults:3)
  4 orbs of fire
  Mara (Vaults:4)
  Vv (Crypt:1)
  Sojobo (Depths:4)
  8 Killer Klowns
  Bai Suzhen (Swamp:3)
  Frederick (Vaults:3)
  Saint Roka (D:9)
  2 curse toes (Zot:4)
  Margery (Vaults:3)
  A caustic shrike (Depths:3)
  9 golden dragons
  Nikola (Swamp:3)
  the Enchantress (Depths:2)
  Arachne (Spider:4)
  2 doom hounds (Crypt:2)
  5 bone dragons
  6 electric golems
  2 Tzitzimimeh
  11 tentacled monstrosities
  Jorgrun (Spider:2)
  An Ice Fiend (D:13)
  A walking crystal tome (Depths:4)
  28 Orb Guardians
  Grunn (Crypt:3)
  Mlioglotl (Spider:3)
  9 liches
  2 deep elf blademasters (Elf:3)
  6 titans
  A walking frostbound tome (Depths:4)
  6 quicksilver dragons
  An Executioner (Zot:5)
  2 deep elf master archers (Elf:3)
  A walking divine tome (Depths:4)
  2 tentacled starspawn (Abyss:2)
  7 death cobs
  7 sphinxes
  Roxanne (Swamp:1)
  Donald (Orc:2)
  7 tengu reavers
  The ghost of ojifijod the Wrestler, an adept MiFi of Okawaru (Swamp:3)
  3 revenants
  10 shadow dragons
  15 storm dragons
  4 draconian monks
  6 draconian knights
  7 frost giants
  6 emperor scorpions
  A rockslime (Zot:5)
  A balrug (Depths:3)
  A demonspawn warmonger (Zot:1)
  An iron dragon (Depths:3)
  4 deep elf sorcerers
  3 spectral caustic shrikes (Depths:2)
  A caustic shrike zombie (Crypt:3)
  7 ghost moths
  7 draconian scorchers
  15 vault wardens
  A ghost moth (shapeshifter) (Vaults:5)
  10 fire giants
  5 ghouls
  8 draconian stormcallers (Zot:4)
  4 draconian shifters
  9 deep elf elementalists (Elf:3)
  2 draconian annihilators
  9 ironbound preservers
  6 war gargoyles
  2 demonspawn corrupters (WizLab)
  An orc warlord (Orc:1)
  6 spriggan defenders
  2 curse skulls (Crypt:1)
  3 reapers
  15 very ugly things
  8 ironbound thunderhulks
  19 stone giants
  6 deep elf annihilators (Elf:3)
  7 green draconians
  4 broodmothers
  16 black draconians
  9 deep elf demonologists
  5 bunyips
  2 demonspawn black suns
  4 putrid mouths (Crypt:2)
  6 vampire knights
  4 dire elephants (Vaults:3)
  8 white draconians
  A lorocyproca (Zot:1)
  6 purple draconians
  8 red draconians
  9 spark wasps
  4 eidola
  3 eleionomae
  5 crystal guardians
  10 yellow draconians
  11 ettins
  A merfolk javelineer (Depths:1)
  3 fire dragons
  2 shambling mangroves
  7 deep elf death magi
  14 yaktaur captains
  7 deep elf high priests
  5 jiangshi
  3 green deaths
  3 entropy weavers
  Josephine (D:12)
  Harold (D:9)
  5 great orbs of eyes
  A spriggan zombie (Crypt:3)
  An ice dragon (Depths:2)
  40 vault guards
  A ghost crab (Swamp:1)
  2 peacekeepers
  6 spriggan air magi
  2 catoblepae
  3 jorogumos
  7 ironbound frosthearts
  9 boulder beetles
  20 hydras
  22 two-headed ogres
  Erica (D:9)
  5 centaur warriors
  5 deep troll shamans
  5 ogre magi
  7 tengu warriors
  10 alligators
  9 spriggan berserkers
  29 dancing weapons
  13 death yaks
  8 deep troll earth magi
  9 vampire magi
  A naga sharpshooter (Depths:4)
  2 orc high priests
  Urug (Orc:1)
  4 soul eaters
  26 hell knights
  Sonja (Lair:3)
  12 deep elf knights
  3 iron trolls
  3 sun moths (Spider:4)
  6 pharaoh ants
  28 skeletal warriors
  2 sixfirhies
  A storm dragon skeleton (Crypt:2)
  2 titan skeletons
  A spatial maelstrom (Abyss:2)
  A wretched star (Abyss:2)
  3 goliath frogs
  2 flayed ghosts
  A goliath frog (shapeshifter) (Vaults:5)
  An obsidian statue (Zot:5)
  5 spriggan druids
  27 deep trolls
  A glowing orange brain (shapeshifter) (Depths:3)
  5 steelbarb worms
  9 orb spiders
  A golden dragon zombie (Crypt:3)
  3 glowing orange brains
  16 ironbound convokers
  14 wizards
  9 swamp dragons
  5 bog bodies
  An orange crystal statue (Elf:3)
  A lindwurm (shapeshifter) (Elf:2)
  10 lindwurms
  5 orc knights
  4 harpies (Vaults:1)
  16 deep elf zephyrmancers
  8 deep elf archers
  9 phantasmal warriors
  An anaconda skeleton (Crypt:2)
  13 necromancers
  A frost giant zombie (Crypt:2)
  A shining eye (Abyss:2)
  A sphinx zombie (Crypt:1)
  27 deep elf pyromancers
  19 wolf spiders
  18 ugly things
  4 orc sorcerers
  4 cyclopes
  3 will-o-the-wisps
  2 manticores (D:12)
  4 worldbinders
  31 moths of wrath
  9 black mambas
  Maurice (Orc:2)
  A stone giant skeleton (Vaults:3)
  6 human skeletons (Vaults:3)
  A black mamba (shapeshifter) (D:14)
  An ice statue (IceCv)
  A water nymph (WizLab)
  A centaur zombie (Crypt:3)
  A guardian serpent (shapeshifter) (D:15)
  A rust devil (Abyss:2)
  An eleionoma skeleton (Crypt:1)
  3 elephants
  A guardian serpent (WizLab)
  An apocalypse crab (Abyss:2)
  2 centaur skeletons
  2 smoke demons (Abyss:2)
  28 vault sentinels
  An eye of devastation (Abyss:2)
  A gargoyle (D:13)
  9 torpor snails
  An orange demon (D:15)
  An alligator snapping turtle skeleton (Crypt:3)
  9 cane toads
  2 unseen horrors
  10 komodo dragons
  6 rime drakes
  An efreet (Abyss:2)
  2 hellions
  4 freezing wraiths
  11 demonic crawlers
  A komodo dragon (shapeshifter) (D:13)
  53 yaktaurs
  2 ancient zymes (Abyss:2)
  A redback zombie (Crypt:1)
  A pale draconian skeleton (Crypt:2)
  An ice devil (Abyss:2)
  A tormentor (Crypt:2)
  4 tengu conjurers
  4 burning bushes (Lair:1)
  10 polar bears
  A death drake zombie (Crypt:2)
  2 harpy zombies (Crypt:3)
  4 trolls
  7 tyrant leeches
  A bloated husk (Swamp:4)
  8 meliai
  26 hornets
  A death drake skeleton (Crypt:1)
  37 slime creatures
  A hydra skeleton (Crypt:2)
  29 tarantellas
  4 harpy skeletons
  12 blink frogs
  A slime creature (shapeshifter) (Vaults:3)
  A raiju (Abyss:2)
  A dream sheep (Lair:5)
  33 jumping spiders
  29 spriggans
  A culicivora (shapeshifter) (Vaults:4)
  39 flying skulls
  5 wyverns
  38 yaks
  20 culicivoras
  An air elemental (Elf:2)
  A vampire (D:12)
  10 water elementals
  A ynoxinul (D:11)
  2 shadows (D:11)
  9 wraiths
  4 fire elementals
  4 basilisks
  10 humans (D:13)
  An ettin skeleton (Vaults:3)
  A hog (shapeshifter) (D:15)
  A basilisk (shapeshifter) (Vaults:5)
  56 redbacks
  32 vampire mosquitoes
  A neqoxec (D:1)
  18 swamp worms
  4 large abominations
  7 small abominations (Abyss:2)
  3 wargs
  3 spatial vortices (Abyss:2)
  A swamp worm (shapeshifter) (Abyss:2)
  9 water moccasins
  A glowing shapeshifter skeleton (Vaults:3)
  4 acid dragons
  A two-headed ogre skeleton (Crypt:2)
  3 floating eyes (Depths:4)
  33 orc warriors
  3 ice beasts
  12 swamp drakes
  4 black bears
  2 sky beasts (D:7)
  38 wolves
  8 boggarts
  26 ogres
  2 centaurs
  2 phantoms
  7 kobold brigands
  21 bullfrogs
  7 necrophages
  3 earth elementals (Elf:1)
  5 gnoll sergeants (D:9)
  5 scorpions
  6 wights
  A troll zombie (Crypt:2)
  A shapeshifter skeleton (Crypt:1)
  26 killer bees
  8 howler monkeys
  8 starcursed masses (Abyss:2)
  3 jellies
  12 orc priests
  3 hounds
  Ijyb (D:3)
  20 orc wizards
  4 iguanas
  Natasha (thrice) (D:2)
  6 hell rats
  Robin (D:3)
  17 gnolls
  3 adders
  2 shadow imps
  3 white imps
  4 worms
  A dart slug (D:2)
  84 orcs
  9 bats
  A bat zombie (Crypt:2)
  10 endoplasms
  5 giant cockroaches
  23 goblins
  15 hobgoblins
  3 jackals (D:2)
  38 kobolds
  5 quokkas
  9 ball pythons
  A frilled lizard (D:2)
  A giant cockroach zombie (Crypt:1)
  7 rats
2339 creatures vanquished.

Vanquished Creatures (collateral kills)
  the Lernaean hydra (Swamp:4)
  A redback (Spider:4)
2 creatures vanquished.

Vanquished Creatures (others)
  A golden dragon (Depths:4)
  A vault guard (D:13)
  A wizard (WizLab)
  A deep elf pyromancer (Elf:1)
  A bloated husk (Swamp:3)
  A boggart (D:14)
  A scorpion (shapeshifter) (Depths:4)
  A hell rat (Lair:5)
  An orc (Orc:2)
  14 foxfires
  62 fungi
  90 plants
  5 starspawn tentacles (Abyss:2)
180 creatures vanquished.

Grand Total: 2521 creatures vanquished

Notes
Turn   | Place    | Note
-------+----------+-------------------------------------------
     0 | D:1      | oldriver the Barachi Hexslinger began the quest for the
                  | Orb.
     0 | D:1      | Reached XP level 1. HP: 15/15 MP: 2/2
    23 | D:1      | Found a hazy altar of Hepliaklqana.
    84 | D:1      | Reached XP level 2. HP: 15/22 MP: 3/3
   346 | D:1      | Reached XP level 3. HP: 28/28 MP: 4/4
   826 | D:2      | Noticed Natasha
   835 | D:2      | HP: 1/28 [Natasha (6)]
   838 | D:2      | Killed Natasha
   940 | D:2      | Reached XP level 4. HP: 35/35 MP: 5/5
  1275 | D:2      | Noticed Natasha
  1700 | D:2      | Killed Natasha
  1701 | D:2      | Reached XP level 5. HP: 15/42 MP: 2/6
  1813 | D:2      | Noticed Natasha
  1822 | D:2      | Killed Natasha
  2121 | D:3      | Noticed Robin
  2198 | D:3      | Killed Robin
  2279 | D:3      | Noticed Ijyb
  2423 | D:3      | Reached skill level 5 in Fighting
  2423 | D:3      | Reached XP level 6. HP: 25/51 MP: 4/7
  2712 | D:3      | Found a faded altar of an unknown god.
  2961 | D:3      | Killed Ijyb
  3125 | D:3      | Found a glowing silver altar of Zin.
  3557 | D:4      | Reached skill level 5 in Ranged Weapons
  3564 | D:4      | Found Magium's Weapon Emporium.
  3683 | D:4      | Found a glowing drain.
  3710 | Sewer    | Entered a sewer
  4130 | Sewer    | Reached XP level 7. HP: 41/58 MP: 8/8
  5121 | D:4      | Found the +7 Throatcutter {drain, coup de grace}
  5465 | D:5      | Entered Level 5 of the Dungeon
  5620 | D:5      | Reached skill level 1 in Armour
  5717 | D:5      | Reached XP level 8. HP: 59/67 MP: 9/9
  5721 | D:5      | Reached skill level 1 in Long Blades
  5771 | D:5      | Found a staircase to the Ecumenical Temple.
  6158 | D:5      | Identified the +1 chain mail of Protective Custody {rElec
                  | Str+2}
  6491 | D:4      | Bought a +4 antimagic sling for 291 gold pieces
  6689 | D:3      | Became a worshipper of Zin the Law-Giver
  6785 | D:6      | Found a radiant altar of Vehumet.
  6837 | D:6      | Fell from the grace of Zin
  7031 | D:6      | Reached skill level 5 in Long Blades
  7483 | D:7      | Noticed a komodo dragon
  7548 | Temple   | Entered the Ecumenical Temple
  7773 | Temple   | Became a worshipper of Cheibriados the Contemplative
  7866 | D:7      | Noticed a komodo dragon
  7874 | D:7      | Killed a komodo dragon
  7875 | D:7      | Reached XP level 9. HP: 22/75 MP: 3/10
  8382 | D:7      | Killed a komodo dragon
  8383 | D:7      | Reached skill level 5 in Armour
  8988 | D:7      | Reached * piety under Cheibriados
 10146 | D:8      | Found a flagged portal.
 10172 | Bailey   | Entered a bailey
 10182 | Bailey   | Noticed an orc knight
 10220 | Bailey   | Noticed an orc knight
 10225 | Bailey   | Reached XP level 10. HP: 66/84 MP: 3/11
 10228 | Bailey   | Reached ** piety under Cheibriados
 10389 | Bailey   | Killed an orc knight
 10393 | Bailey   | Killed an orc knight
 10394 | Bailey   | Reached skill level 10 in Fighting
 10394 | Bailey   | Reached skill level 10 in Long Blades
 11582 | D:8      | Reached *** piety under Cheibriados
 11850 | D:8      | Noticed a two-headed ogre
 11860 | D:8      | Killed a two-headed ogre
 12144 | D:8      | Noticed a two-headed ogre
 12161 | D:8      | Killed a two-headed ogre
 12162 | D:8      | Reached XP level 11. HP: 30/92 MP: 4/12
 13143 | D:9      | Reached **** piety under Cheibriados
 13272 | D:9      | Noticed a two-headed ogre
 13284 | D:9      | Killed a two-headed ogre
 13285 | D:9      | Reached skill level 1 in Evocations
 13621 | D:9      | Found a staircase to the Lair.
 13909 | D:9      | Found an iron altar of Okawaru.
 14486 | D:9      | Reached skill level 1 in Shields
 14500 | D:9      | Noticed a two-headed ogre
 14523 | D:9      | Killed a two-headed ogre
 14768 | D:9      | Found a staircase to the Orcish Mines.
 14930 | D:9      | Reached ***** piety under Cheibriados
 15796 | D:9      | Found a hazy altar of Hepliaklqana.
 15863 | Lair:1   | Entered Level 1 of the Lair of Beasts
 16041 | Lair:1   | Reached XP level 12. HP: 71/102 MP: 4/13
 16721 | Lair:1   | You fall into a shaft and drop 1 floor!
 16721 | Lair:2   | Found a staircase to the Swamp.
 16865 | Lair:1   | Found a transporter.
 16871 | Lair:1   | Found a transporter.
 16985 | Lair:1   | Identified the +0 chain mail of Parsimonious the Good
                  | {Int+4}
 17003 | Lair:1   | Noticed a catoblepas
 17033 | Lair:1   | Killed a catoblepas
 17034 | Lair:1   | Reached skill level 10 in Armour
 17034 | Lair:1   | Reached skill level 5 in Shields
 17282 | Lair:1   | Noticed a boulder beetle
 17296 | Lair:1   | Noticed a boulder beetle
 17425 | Lair:2   | Reached skill level 1 in Stealth
 17601 | Lair:2   | Found a hole to the Spider Nest.
 18230 | Lair:3   | Noticed a death yak
 18234 | Lair:3   | Noticed a death yak
 18245 | Lair:2   | Killed a death yak
 18255 | Lair:3   | Killed a death yak
 18425 | Lair:3   | Noticed a six-headed hydra
 18431 | Lair:3   | Killed a six-headed hydra
 18431 | Lair:3   | Reached ****** piety under Cheibriados
 18432 | Lair:3   | Gained mutation: You can hop long distances. [Barachi
                  | growth]
 18432 | Lair:3   | Reached XP level 13. HP: 111/111 MP: 14/14
 18611 | Lair:3   | Noticed Sonja
 18614 | Lair:3   | Killed Sonja
 18690 | Lair:3   | Reached skill level 5 in Evocations
 21452 | Lair:5   | Entered Level 5 of the Lair of Beasts
 21744 | Lair:4   | Reached skill level 10 in Ranged Weapons
 22083 | Lair:5   | Found a staircase to the Slime Pits.
 22084 | Lair:5   | Found a viscous altar of Jiyva.
 22192 | Lair:5   | Reached XP level 14. HP: 110/121 MP: 15/15
 22814 | Lair:5   | Reached skill level 15 in Fighting
 23408 | Orc:1    | Entered Level 1 of the Orcish Mines
 23408 | Orc:1    | Noticed Erica
 23408 | Orc:1    | Noticed Harold
 23408 | Orc:1    | Noticed an orc warlord
 23418 | D:9      | Killed Harold
 23554 | D:10     | Entered Level 10 of the Dungeon
 23700 | D:10     | Found a transporter.
 23702 | D:10     | Found a transporter.
 23980 | D:10     | Found a transporter.
 23981 | D:10     | Found a transporter.
 24116 | D:10     | Found a transporter.
 24121 | D:10     | Found a transporter.
 24770 | D:10     | Found a stormy altar of Qazlal.
 25213 | D:11     | Found a sparkling altar of Nemelex Xobeh.
 25369 | D:11     | Found Zunuskua's Armour Shop.
 25374 | D:11     | Bought the +6 chain mail of Insecurity {SInv} for 776 gold
                  | pieces
 25854 | D:12     | Identified the +5 quarterstaff of Ycemadic {distort, rC+
                  | Dex+6}
 25893 | D:12     | Found an ornate altar of the Wu Jian Council.
 25969 | D:12     | Identified the +3 leather armour of Sunlight {Str+7}
 26102 | D:12     | Found a frozen archway.
 26118 | IceCv    | Entered an ice cave
 26633 | IceCv    | Noticed a frost giant
 26637 | IceCv    | Reached XP level 15. HP: 129/129 MP: 16/16
 26643 | IceCv    | Killed a frost giant
 26644 | IceCv    | Reached skill level 5 in Dodging
 27080 | D:12     | Noticed Josephine
 27086 | D:12     | Killed Josephine
 27799 | D:9      | Killed Erica
 27915 | Orc:1    | Killed an orc warlord
 28291 | Orc:2    | Entered Level 2 of the Orcish Mines
 28291 | Orc:2    | Found Fofeeh's Weapon Emporium.
 28291 | Orc:2    | Found Otyitwun's Book Boutique.
 28291 | Orc:2    | Found Puwuemasia's General Store.
 28291 | Orc:2    | Found Reokheel's Antique Armour Emporium.
 28426 | Orc:2    | Noticed Maurice
 28629 | Orc:2    | Noticed Urug
 28633 | Orc:1    | Paralysed by an ogre mage for 3 turns
 28778 | Orc:2    | Killed Maurice
 28782 | Orc:2    | Paralysed by an ogre mage for 4 turns
 28998 | Orc:1    | Killed Urug
 29009 | Orc:2    | Reached skill level 10 in Evocations
 29233 | Orc:2    | Bought a scroll of blinking for 82 gold pieces
 29233 | Orc:2    | Bought a scroll of teleportation for 33 gold pieces
 29238 | Orc:2    | Noticed Saint Roka
 29273 | D:9      | Killed Saint Roka
 29583 | Orc:2    | Noticed Donald
 29590 | Orc:2    | Killed Donald
 29640 | Orc:1    | Noticed Snorg
 29640 | Orc:1    | Noticed an orc warlord
 29640 | Orc:1    | Found a bloodstained altar of Trog.
 29905 | Orc:2    | Found a staircase to the Elven Halls.
 29985 | Orc:1    | Reached XP level 16. HP: 128/139 MP: 17/17
 30746 | Spider:1 | Entered Level 1 of the Spider Nest
 32078 | Spider:1 | Reached skill level 15 in Armour
 32942 | Spider:2 | Identified a scroll of acquirement
 32943 | Spider:2 | Acquired a +2 hand crossbow of draining
 32948 | Spider:2 | Noticed Jorgrun
 32960 | Spider:2 | Killed Jorgrun
 34457 | Spider:3 | Noticed Mlioglotl
 34563 | Swamp:1  | Entered Level 1 of the Swamp
 35067 | Swamp:1  | Reached XP level 17. HP: 149/149 MP: 18/18
 35074 | Swamp:1  | Noticed Roxanne
 35667 | Swamp:1  | Killed Roxanne
 35761 | Swamp:2  | You fall into a shaft and drop 1 floor!
 35798 | Swamp:3  | Noticed Nikola
 35910 | Swamp:3  | Killed Nikola
 36842 | Swamp:3  | Noticed Bai Suzhen
 36865 | Swamp:3  | Killed Bai Suzhen
 37412 | Swamp:3  | Found a runed translucent door.
 37413 | Swamp:3  | Noticed ojifijod's ghost (adept MiFi)
 37451 | Swamp:4  | Entered Level 4 of the Swamp
 38292 | Swamp:3  | Killed ojifijod's ghost
 38952 | Swamp:4  | Reached skill level 15 in Ranged Weapons
 40053 | Swamp:4  | Reached XP level 18. HP: 159/159 MP: 19/19
 40182 | Swamp:4  | Noticed the 27-headed Lernaean hydra
 40183 | Swamp:4  | Killed the 27-headed Lernaean hydra
 40722 | Swamp:4  | Got a decaying rune of Zot
 40977 | Spider:3 | Killed Mlioglotl
 41415 | Spider:2 | Reached skill level 10 in Shields
 43735 | Spider:4 | Entered Level 4 of the Spider Nest
 44545 | Spider:4 | Found a runed translucent gate.
 44547 | Spider:4 | Found a runed translucent gate.
 44547 | Spider:4 | Found a runed translucent gate.
 44549 | Spider:4 | Noticed Jiddual's ghost (adept NaFE)
 44549 | Spider:4 | Noticed Jiddual's ghost (adept NaFE)
 44874 | Spider:4 | Noticed Arachne
 44900 | Spider:4 | Killed Arachne
 46329 | Spider:4 | Got a gossamer rune of Zot
 47288 | D:13     | Found a transporter.
 47334 | D:13     | Found a transporter.
 47371 | D:13     | Reached XP level 19. HP: 168/168 MP: 20/20
 47609 | D:13     | Found a gate to the Vaults.
 47890 | D:13     | Found a transporter.
 48089 | D:13     | Found a transporter.
 48399 | D:14     | Reached skill level 10 in Dodging
 48951 | D:15     | Entered Level 15 of the Dungeon
 49445 | D:15     | Noticed Notaij's ghost (journeyman DrEE)
 49448 | D:15     | Found a transporter.
 49449 | D:15     | Identified the +2 giant club "Moppimn" {flame, rN+}
 49565 | D:15     | Found a staircase to the Depths.
 50043 | Vaults:1 | Entered Level 1 of the Vaults
 50414 | Vaults:1 | Found a magical portal.
 50422 | WizLab   | Entered Alistair's Party Mansion
 52182 | Abyss:2  | Cast into level 2 of the Abyss (a deep elf sorcerer)
 52278 | Abyss:2  | Noticed a bone dragon
 52287 | Abyss:2  | Killed a bone dragon
 52326 | Abyss:2  | Gained mutation: You sometimes lose your temper in combat.
                  | [a shining eye]
 52327 | Abyss:2  | Gained mutation: You have hidden genetic defects. [a
                  | shining eye]
 52581 | Abyss:2  | Lost mutation: You have hidden genetic defects. [potion of
                  | mutation]
 52581 | Abyss:2  | Lost mutation: You sometimes lose your temper in combat.
                  | [potion of mutation]
 52581 | Abyss:2  | Gained mutation: Your natural rate of healing is unusually
                  | fast. [potion of mutation]
 52581 | Abyss:2  | Gained mutation: You have a beak for a mouth. [potion of
                  | mutation]
 52862 | WizLab   | Escaped the Abyss
 53288 | WizLab   | Noticed a golden dragon
 53336 | WizLab   | Got Fufrogej's Excursus on the Snake and Sculpting
 53464 | Vaults:1 | Acquired the -2 hat of the Alchemist {rElec rPois rF+ rC+
                  | rN+ Will+ rMut rCorr}
 53464 | Vaults:1 | Found the -2 hat of the Alchemist {rElec rPois rF+ rC+ rN+
                  | Will+ rMut rCorr}
 54231 | Vaults:1 | Reached XP level 20. HP: 168/178 MP: 21/21
 54788 | Vaults:2 | Found Fukh's Weapon Shoppe.
 54965 | Vaults:2 | Found a runed translucent gate.
 54965 | Vaults:2 | Found a runed translucent gate.
 54965 | Vaults:2 | Noticed Anna's ghost (adept MiFi)
 54966 | Vaults:2 | Found a runed translucent gate.
 56016 | Vaults:3 | Found Nerhenk's Weapon Shoppe.
 56062 | Vaults:3 | Paralysed by a sphinx for 4 turns
 56389 | Vaults:3 | Found Vumirauz's Weapon Shop.
 56586 | Vaults:3 | Noticed Margery
 56616 | Vaults:3 | Killed Margery
 57024 | Vaults:3 | Noticed Frederick
 57036 | Vaults:3 | Killed Frederick
 57472 | Vaults:3 | Found a transporter.
 57485 | Vaults:3 | Found a transporter.
 57485 | Vaults:3 | Found the dreamshard necklace {*Dream Drain}
 57574 | Vaults:3 | Noticed Mennas
 57613 | Vaults:3 | Killed Mennas
 58044 | Vaults:3 | Found a staircase to the Crypt.
 58051 | Crypt:1  | Entered Level 1 of the Crypt
 58269 | Crypt:1  | Reached XP level 21. HP: 109/189 MP: 22/22
 58449 | Crypt:1  | You fall into a shaft and drop 1 floor!
 59634 | Crypt:1  | Noticed Vv
 59661 | Crypt:1  | Killed Vv
 60107 | Crypt:3  | Entered Level 3 of the Crypt
 60153 | Crypt:3  | Noticed Grunn
 60174 | Crypt:2  | Noticed a bone dragon
 60177 | Crypt:2  | Noticed a bone dragon
 60180 | Crypt:2  | Noticed a bone dragon
 60325 | Crypt:1  | Killed a bone dragon
 60523 | Crypt:1  | Killed a bone dragon
 60638 | Crypt:1  | Killed a bone dragon
 61668 | Vaults:4 | Reached skill level 15 in Dodging
 61802 | Vaults:4 | Noticed Mara
 61832 | Vaults:4 | Noticed oldriver's illusion
 61878 | Vaults:4 | Killed Mara
 61879 | Vaults:4 | Reached skill level 15 in Shields
 62166 | Vaults:4 | Found Faitotile's General Store.
 62183 | Vaults:4 | Bought a scroll of teleportation for 36 gold pieces
 62206 | Vaults:4 | Found a transporter.
 62248 | Vaults:4 | Found a transporter.
 62690 | Vaults:4 | Reached XP level 22. HP: 170/200 MP: 23/23
 63115 | Depths:1 | Entered Level 1 of the Depths
 64221 | Depths:1 | Found a gateway to Hell.
 64223 | Depths:1 | Found Syduj's Antique Weapon Shoppe.
 64223 | Depths:1 | Found Daheaxe Moep's Antique Armour Emporium.
 64232 | Depths:1 | Bought a slimy cloak for 361 gold pieces
 64232 | Depths:1 | Identified the +1 cloak of Charity {rN+ Int+2 Dex+4 Slay-4}
                  | (You bought it in a shop on level 1 of the Depths)
 64307 | Depths:1 | You fall into a shaft and drop 1 floor!
 64385 | Depths:2 | Noticed the Enchantress
 64597 | Depths:2 | Found a one-way gate leading to the halls of Pandemonium.
 64598 | Depths:2 | Found a shadowy altar of Dithmenos.
 64764 | Depths:2 | Killed the Enchantress
 65344 | Depths:2 | Found a one-way gate to the infinite horrors of the Abyss.
 65427 | Depths:2 | Found Fagh's Magic Scroll Shoppe.
 65430 | Depths:2 | Found Coss's Antique Armour Emporium.
 65432 | Depths:2 | Found Noceaklunk's Assorted Antiques.
 65437 | Depths:2 | Bought a scroll of enchant weapon for 105 gold pieces
 65437 | Depths:2 | Bought a scroll of teleportation for 42 gold pieces
 65441 | Depths:2 | Bought the +3 Mad Mage's Maulers {Infuse+∞ RegenMP Int-3}
                  | for 1080 gold pieces
 65441 | Depths:2 | Found the +3 Mad Mage's Maulers {Infuse+∞ RegenMP Int-3}
 65454 | Depths:2 | Bought a scroll of enchant weapon for 247 gold pieces
 65454 | Depths:2 | Bought a potion of curing for 99 gold pieces
 65454 | Depths:2 | Bought a scroll of teleportation for 99 gold pieces
 66128 | Vaults:3 | Paralysed by an ogre mage for 3 turns
 67091 | Depths:3 | Found a runed translucent gate.
 67091 | Depths:3 | Found a runed translucent gate.
 67091 | Depths:3 | Found a runed translucent gate.
 67105 | Depths:3 | Noticed freelancePsychic's ghost (veteran DsGl)
 67885 | Depths:3 | Noticed a golden dragon
 67902 | Depths:3 | Reached XP level 23. HP: 201/211 MP: 0/24
 67924 | Depths:3 | Killed a golden dragon
 68648 | Depths:3 | Found the +7 mace of Variability {chain chaos}
 68649 | Depths:3 | Found a viscous altar of Jiyva.
 68805 | Depths:3 | Found the +3 Elemental Staff {rElec rF++ rC++ AC+5}
 69008 | Depths:4 | Entered Level 4 of the Depths
 69008 | Depths:4 | Noticed a caustic shrike
 69024 | Depths:3 | Killed a caustic shrike
 69098 | Depths:4 | Noticed a golden dragon
 69118 | Depths:4 | Killed a golden dragon
 69178 | Depths:4 | Paralysed by a floating eye for 3 turns
 69273 | Depths:4 | Found a one-way gateway to a ziggurat.
 69279 | Depths:4 | Found a transporter.
 69349 | Depths:4 | Identified the ring of Sabast {Will+ Str+6 Int+4 Dex-3}
 69478 | Depths:4 | Paralysed by a floating eye for 4 turns
 69888 | Depths:4 | Found a transporter.
 69900 | Depths:4 | Noticed a golden dragon
 69907 | Depths:4 | Killed a golden dragon
 69982 | Depths:4 | Found an iron altar of Okawaru.
 70103 | Depths:4 | Identified the ring of Noon {+Blink rF+ Will- Str+6 SInv}
 70123 | Depths:4 | Noticed a golden dragon
 70130 | Depths:4 | Paralysed by a floating eye for 3 turns
 70137 | Depths:4 | Noticed Sojobo
 70145 | Depths:4 | Killed a golden dragon
 70149 | Depths:4 | Killed Sojobo
 70149 | Depths:4 | Identified the ring of Nutaacru {rCorr Slay+4}
 70596 | Depths:4 | Found a gate to the Realm of Zot.
 70628 | Depths:4 | Identified the ring of Siredic {rElec rF+ rN+ Str+6 SInv}
 71114 | Crypt:3  | Killed Grunn
 71727 | Crypt:3  | Found a staircase to the Tomb.
 71735 | Crypt:3  | Identified the +3 battleaxe of Gin and Tonic {protect,
                  | rPois rC- Dex+3}
 72186 | Crypt:3  | Reached XP level 24. HP: 222/222 MP: 24/24
 72964 | Crypt:3  | Found a basalt altar of Yredelemnul.
 73002 | Crypt:3  | Found the +3 hat of Pondering {ponderous, Will+ MP+10
                  | Int+5}
 73012 | Crypt:3  | Got Xicioc's Essays on Black Rites
 73032 | Crypt:3  | Noticed an ancient lich
 73037 | Crypt:3  | Killed an ancient lich
 73945 | Elf:1    | Entered Level 1 of the Elven Halls
 74324 | Vaults:5 | Entered Level 5 of the Vaults
 74509 | Vaults:5 | Identified the +5 pearl dragon scales "Bicrisu" {rN+ Dex+4}
 74527 | Vaults:5 | Noticed a dread lich
 74572 | Vaults:5 | Identified the +0 robe "Wappuh" {Slay+2}
 75006 | Vaults:5 | Noticed a dread lich
 75009 | Vaults:5 | Killed a dread lich
 75050 | Vaults:5 | Identified the +1 plate armour of Hospitality {rPois}
 76311 | Vaults:5 | Killed a dread lich
 76312 | Vaults:5 | Reached XP level 25. HP: 232/232 MP: 0/24
 77052 | Vaults:5 | Identified the +3 spear of Contradiction {venom, rC- Int+6}
 77063 | Vaults:5 | Identified the +2 whip "Leudown" {spect, rPois rCorr Int+4}
 77068 | Vaults:5 | Got a silver rune of Zot
 77090 | Vaults:5 | Identified the +3 pair of gloves "Eceutt" {Regen+ Stlth+}
 77152 | Vaults:5 | Got Sif Muna's Spellbook of Beguiling and Calefaction
 78442 | Elf:1    | Found a transporter.
 78452 | Elf:1    | Noticed Zonian's ghost (adept DjIE)
 78465 | Elf:1    | Found a transporter.
 78525 | Elf:1    | Identified the +1 chain mail "Meosm" {rN+ Will+ rCorr}
 78700 | Elf:1    | Found a radiant altar of Vehumet.
 79129 | Elf:2    | Paralysed by an air elemental for 1 turns
 79153 | Elf:2    | Reached skill level 27 in Fighting
 79321 | Elf:2    | Found a runed translucent gate.
 79321 | Elf:2    | Found a runed translucent gate.
 79321 | Elf:2    | Found a runed translucent gate.
 79574 | Elf:3    | Entered Level 3 of the Elven Halls
 79709 | Elf:3    | Found Poikis's Armour Emporium.
 80088 | Elf:3    | Identified the +8 quarterstaff "Goblinbane" {flame, rC+}
 80494 | Elf:3    | Identified the +4 glaive "Ihun" {vorpal, rPois Will+}
 80508 | Elf:3    | Identified the ring "Hunatimo" {rC+ Str+6 Int-5 Dex+4}
 80565 | Elf:3    | Identified the +7 chain mail of Mivar {Stlth+}
 80565 | Elf:3    | Identified the ring of Ywusoith {rN+ Int-3 Dex+5}
 80819 | Elf:3    | Identified the ring of Wego Adodeupn {Ice Str+4 Stlth+}
 80828 | Elf:3    | Identified the ring of Pocs {rPois rC+ Str+5}
 81142 | Elf:3    | Identified the +9 morningstar of World's End {freeze,
                  | *Corrode rF+ Int+7}
 81148 | Elf:3    | Reached skill level 5 in Stealth
 81156 | Elf:3    | Identified the +1 robe of the Catamount {rN+ rCorr Str-4
                  | Stlth+}
 81947 | D:11     | Bought a +0 pair of boots of flying for 195 gold pieces
 82137 | Zot:1    | Entered Level 1 of the Realm of Zot
 82167 | Zot:1    | Noticed an orb of fire
 82230 | Depths:4 | Killed an orb of fire
 82903 | Zot:1    | Reached XP level 26. HP: 178/242 MP: 24/24
 86576 | Zot:4    | Noticed a Killer Klown
 86597 | Zot:3    | Killed a Killer Klown
 86869 | Zot:4    | Identified the +1 cloak of Morality {Int+6 SInv Stlth+}
 87108 | Zot:3    | Reached skill level 27 in Armour
 88077 | Zot:4    | Identified the ring "Qihitenlo" {+Blink rC+ rN+ Str+5
                  | Dex-3}
 88648 | Zot:5    | Entered Level 5 of the Realm of Zot
 90258 | Zot:5    | Identified the +1 robe of the Pleiades {Str+4 Slay+3}
 90474 | Zot:5    | Noticed a Killer Klown
 90479 | Zot:5    | a Killer Klown changed into a rockslime
 90583 | Zot:5    | Reached XP level 27. HP: 243/249 MP: 24/24
 90940 | Zot:5    | Noticed an ancient lich
 90953 | Zot:5    | Killed an ancient lich
 91367 | Zot:5    | Noticed a dread lich
 91388 | Zot:5    | Killed a dread lich
 91767 | Zot:5    | Noticed an orb of fire
 91786 | Zot:5    | Gained mutation: Your body sometimes deteriorates upon
                  | taking damage. [an orb of fire]
 91791 | Zot:5    | Killed an orb of fire
 91933 | Zot:5    | Noticed a dread lich
 91946 | Zot:5    | Killed a dread lich
 92843 | Zot:5    | Noticed an orb of fire
 92867 | Zot:5    | Gained mutation: Your mind is acute. (Int +4, Str/Dex -1)
                  | [an orb of fire]
 92876 | Zot:5    | Gained mutation: Armour fits poorly on your strangely
                  | shaped body. [an orb of fire]
 92880 | Zot:5    | Killed an orb of fire
 92899 | Zot:5    | Lost mutation: Your natural rate of healing is unusually
                  | fast. [potion of mutation]
 92899 | Zot:5    | Lost mutation: You have a beak for a mouth. [potion of
                  | mutation]
 92899 | Zot:5    | Gained mutation: You occasionally shout uncontrollably at
                  | your foes. [potion of mutation]
 92900 | Zot:5    | Lost mutation: Your body sometimes deteriorates upon taking
                  | damage. [potion of mutation]
 92900 | Zot:5    | Lost mutation: Armour fits poorly on your strangely shaped
                  | body. [potion of mutation]
 93052 | Zot:5    | Noticed an orb of fire
 93055 | Zot:5    | Gained mutation: Your flesh is cold resistant. (rC+) [an
                  | orb of fire]
 93081 | Zot:5    | Lost mutation: Your mind is acute. (Int +4, Str/Dex -1) [an
                  | orb of fire]
 93108 | Zot:5    | Killed an orb of fire
 95542 | Zot:5    | Got the Orb of Zot
 95549 | Zot:5    | Noticed Asmes the pandemonium lord
 95559 | Zot:5    | Noticed an ancient lich
 95561 | Zot:5    | Killed an ancient lich
 95915 | D:11     | Noticed a seraph
 96228 | D:$      | Escaped with the Orb!

Illustrated notes

Levels and vault maps discovered:
D:1:      dpeg_arrival_lava_altar, layout_basic
D:2:      layout_loops_ring, uniq_natasha
D:3:      layout_loops_ring, zin_academy,
          hellmonk_ecumenical_altar_prayer_group, st_stairs_4,
          minmay_misc_feat_four_crosses, uniq_ijyb, uniq_robin
D:4:      layout_loops_corners, gup_sewer_entry_glass, serial_shops,
          nicolae_shop_bloodbath_and_beyond, dilly_guarded_unrand_throatcut
D:5:      layout_cave_pods, minmay_temple_entry_arrows
D:6:      layout_cave_pools, lemuel_round_altar
D:7:      layout_basic
D:8:      kennysheep_windowed_halls, layout_basic,
          lightli_bailey_entry_fortress, serial_curves, eino_curves_03,
          eino_curves_04
D:9:      layout_loops_corners, mainiacjoe_overflow_brackets,
          nicolae_hepliaklqana_hippocampus, due_lair_maze_entry_diamond,
          kennysheep_orc_monster_closet_entryway
D:10:     layout_layer_cave, kennysheep_mini, serial_nicolae_subway,
          nicolae_sub_station_crystal, nicolae_sub_station_metal,
          nicolae_sub_station_stone
D:11:     layout_loops_cross, serial_shops, nicolae_shop_hallway_stairs,
          nemelex_spade_bored_becter
D:12:     layout_roguey, portal_ice_cave_rime, nicolae_wu_jian_wuxing_cycle,
          uniq_josephine
D:13:     layout_stronghold, ximxim_vaults_locker_room,
          nicolae_transporter_intersection
D:14:     layout_loops_ring, columned_hall_lemuel
D:15:     hangedman_depths_entry_civil_slaughter, layout_irregular_city,
          roderic_lattice_octagonal_star, gammafunk_ghost_smash
Temple:   minmay_crystal_spiral_temple
Lair:1:   gammafunk_boulding_lane, layout_big_grid, evilmike_ambush
          [evilmike_ambush_outer_basic, evilmike_ambush_inner_basic]
Lair:2:   layout_regular_city, skrybe_swamp_entry_bodies,
          spider_nest_entry_rubble, grunt_megastairs_3
Lair:3:   layout_chaotic_city, serial_bayou_shore_b, grunt_megastairs_2,
          serial_bayou_shore_b, uniq_sonja
Lair:4:   layout_regular_city, minivault_26, nzn_sisyphean_effort
Lair:5:   minmay_lair_end_enchanted_forest, layout_long_grid, slime_entry_1
Swamp:1:  layout_basic_swamp, hangedman_swamp_ruin_hall,
          infiniplex_staircase_pool_2, uniq_roxanne
Swamp:2:  layout_basic_swamp, evilmike_swamp_ruin_wall
Swamp:3:  layout_basic_swamp, gammafunk_ghost_grave,
          evilmike_swamp_ruin_house_2, uniq_bai_suzhen, uniq_nikola
Swamp:4:  swamp_old_school, layout_basic_swamp, swamp_pool5
Spider:1: layout_cave_pods
Spider:2: layout_spider_delve, uniq_jorgrun
Spider:3: layout_chambers, spiders_nest_the_unseen, uniq_mlioglotl
Spider:4: johnstein_spider_rune_arachne_lair, gammafunk_ghost_cemetery,
          guppyfry_hornet_nest
Orc:1:    layout_caves, trog_butcher_becter, uniq_erica, uniq_snorg, uniq_harold
Orc:2:    st_orc_ogre_mass, layout_caves, uniq_saint_roka, uniq_urug,
          uniq_maurice, uniq_donald
Elf:1:    layout_loops_corners, gammafunk_ghost_abyssal_escape, minivault_28,
          lemuel_statue_altar, lemuel_flamethrower_2
Elf:2:    elven_hall_of_blades_hangedman_original [nicolae_blade_little_rooms],
          layout_onion_city
Elf:3:    minmay_elf_hall_curves, layout_loops_corners, serial_shops,
          nicolae_shop_competitors_out_of_business, serial_sigils,
          serial_sigils_hangedman_leer, serial_sigils_hangedman_gut,
          serial_sigils_hangedman_clutch, serial_sigils_hangedman_confine,
          serial_sigils_hangedman_scratch, minivault_5, minivault_15
Vaults:1: infiniplex_enter_wizlab_glasses, hangedman_vaults_variations,
          vaults_room_pool, hangedman_vaults_river_flow,
          vaults_dpeg_encased_lava, vaults_room_fours,
          nicolae_vaults_little_squares_1, vaults_mumra_hexcomb,
          ontoclasm_vaults_pinch, layout_vaults_chaotic_city
Vaults:2: ebering_ghost_rock_garden, ontoclasm_vaults_idyll,
          grunt_vaults_diagonal, hangedman_vaults_nails,
          nicolae_vaults_little_squares_2, nicolae_vaults_little_squares_1,
          nicolae_vaults_network_barrier, nicolae_vaults_little_squares_5,
          layout_vaults_maze_bifur, serial_shops, shop
Vaults:3: v_alt_pattern_2, nicolae_vaults_little_squares_3,
          minmay_crypt_entry_skeletal_spiral, v_pattern_1, v_misc_18,
          gammafunk_sealed_arena, v_misc_14, vaults_room_grid,
          nicolae_vaults_ninety_degrees, hangedman_vaults_trim,
          vaults_room_hallway, vaults_dpeg_ring, nicolae_vaults_rhombus_7,
          dpeg_vaults_monster_box, layout_vaults_omnicross, serial_shops, shop,
          uniq_frederick, uniq_margery, uniq_mennas
Vaults:4: gammafunk_its_a_trap, nicolae_vaults_alarming,
          hangedman_vaults_unwind, hangedman_vaults_stream, v_alt_pattern_6,
          nicolae_vaults_little_squares_4, vaults_mumra_hex, grunt_vaults_focal,
          v_misc_9, nicolae_vaults_little_squares_4, vaults_dpeg_diagonal,
          layout_vaults_omnibox, serial_shops, nicolae_shop_statue_plus,
          uniq_mara
Vaults:5
Crypt:1:  layout_rooms, minivault_25, uniq_vv
Crypt:2:  layout_misc_corridors
Crypt:3:  cryptofortress_bobbens, uniq_grunn
Depths:1: layout_cave_pools, skrybe_limestone_x, special_room
          [special_room_jelly], hell_entry, minmay_pinched_square,
          firewood_loft, minmay_shoptagon
Depths:2: dreamdust_cat_pyramid, layout_gridlike, pf_hell_entry_tar_river,
          abyss_entry_crystal, nicolae_dithmenos_through_a_glass_darkly,
          rand_demon_pan_entry_8, infiniplex_staircase_squiggle,
          minmay_shop_star, uniq_enchantress
Depths:3: lemuel_traditional_vault, layout_gridlike, pf_dread_powers_of_hell,
          abyss_entry_small_statue_room, gammafunk_ghost_ooze,
          kennysheep_another_room, infiniplex_staircase_river,
          serial_bayou_shore_b
Depths:4: hangedman_spin_cycle, serial_shops, abyss_entry, hell_entry
Zot:1:    layout_misc_corridors
Zot:2:    layout_onion_interference
Zot:3:    layout_cellular_growth, lemuel_golem_globe
Zot:4:    lemuel_draconian_sentries, layout_misc_corridors
Zot:5:    layout_basic, st_stairs_12

Skill      XL: |  1  2  3  4  5  6  7  8  9 10 11 12 13 14 15 16 17 18 19 20 21 22 23 24 25 26 27 |
---------------+----------------------------------------------------------------------------------+-----
Fighting       | 2 3 4 5 6 7 8 9 10 11 13 14 15 16 17 18 19 20 22 23 24 25 26 27 | 27.0
Ranged Weapons | 3 4 5 6 7 8 10 12 14 15 16 18 | 18.0
Armour         | 1 4 5 7 9 10 12 13 14 15 16 17 18 19 20 22 24 25 27 | 27.0
Long Blades    | 6 9 11 13 14 | 14.0
Dodging        | 3 4 6 8 9 11 13 15 16 18 19 21 23 26 | 26.5
Evocations     | 1 4 7 8 10 11 12 14 | 14.0
Shields        | 3 5 7 9 11 13 15 | 15.0
Stealth        | 1 3 5 |  5.0
Spellcasting   | |  1.1
Hexes          | |  3.2

Action                   |  1- 3 |  4- 6 |  7- 9 | 10-12 | 13-15 | 16-18 | 19-21 | 22-24 | 25-27 || total
-------------------------+-------+-------+-------+-------+-------+-------+-------+-------+-------++-------
Melee: Club              |       |     5 |     2 |       |       |       |       |       |       ||     7
       Long sword        |       |       |   165 |   287 |   709 |   622 |   343 |       |       ||  2126
       Punch             |       |       |       |     1 |       |       |       |       |       ||     1
       Peck              |       |       |       |       |       |       |   248 |   481 |   339 ||  1068
       Eudemon blade     |       |       |       |       |       |       |   481 |  1252 |  1048 ||  2781
 Fire: Sling             |    81 |   399 |   232 |   381 |   480 |   133 |       |       |       ||  1706
       Hand crossbow     |       |       |       |       |       |   843 |   943 |   440 |  1114 ||  3340
 Cast: Slow              |       |    34 |       |       |       |       |       |       |       ||    34
Invok: Renounce Religion |       |       |     1 |       |       |       |       |       |       ||     1
 Abil: Hop               |     1 |    10 |     3 |     9 |    24 |    28 |    17 |    14 |    30 ||   136
Evoke: Wand              |       |       |       |     6 |    11 |     6 |     2 |       |    11 ||    36
       Lightning rod     |       |       |       |     6 |    12 |     6 |    13 |     3 |       ||    40
       Condenser vane    |       |       |       |       |     5 |     3 |     2 |     4 |     1 ||    15
       Phantom mirror    |       |       |       |       |       |     2 |     1 |     1 |     2 ||     6
       Tin of tremorston |       |       |       |       |       |       |     4 |     6 |     3 ||    13
  Use: Potion            |     1 |     2 |     1 |     4 |    10 |    10 |    13 |    12 |     4 ||    57
       Scroll            |       |     7 |    11 |    12 |    11 |    11 |    11 |    16 |    17 ||    96
 Stab: Petrified         |       |       |       |     2 |     1 |       |       |       |       ||     3
       Petrifying        |       |       |       |     1 |     1 |       |       |       |       ||     2
       Distracted        |       |       |       |       |       |       |       |     3 |       ||     3
Armor: Robe              |     3 |       |       |       |       |       |       |       |       ||     3
       Leather armour    |       |    55 |    14 |       |       |       |       |       |       ||    69
       Chain mail        |       |       |   184 |   286 |   482 |   707 |   394 |   205 |       ||  2258
       Gold dragon scale |       |       |       |       |       |       |       |   302 |   602 ||   904
Dodge: Dodged            |    16 |   179 |   112 |   221 |   404 |   841 |   764 |   967 |  1569 ||  5073
Block: Buckler           |       |       |       |    83 |   566 |   966 |   160 |   642 |  1031 ||  3448
       Reflection        |       |       |       |       |    16 |    16 |    92 |    29 |    48 ||   201
       Kite shield       |       |       |       |       |       |       |  1299 |   325 |       ||  1624

Table legend: (Time is in decaauts)
 A = Elapsed time spent in this place.
 B = Non-inter-level travel time spent in this place.
 C = Inter-level travel time spent in this place.
 D = Time resting spent in this place.
 E = Time spent auto-exploring this place.
 F = Levels seen in this place.
 G = Mean time per level.
                   A        B        C        D        E       F      G
               +--------+--------+--------+--------+--------+-----+--------+
         Total | 148610 | 132850 |  15760 |  36958 |  60110 |  56 | 2653.8 |
       Dungeon |  36142 |  29326 |   6816 |   5833 |  18113 |  15 | 2409.5 |
        Temple |    317 |    154 |    163 |      0 |    129 |   1 |  317.0 |
          Lair |  12714 |  11922 |    792 |   2992 |   6610 |   5 | 2542.8 |
         Swamp |   8836 |   8504 |    332 |   3434 |   2942 |   4 | 2209.0 |
   Spider Nest |  14252 |  13176 |   1076 |   4783 |   4889 |   4 | 3563.0 |
  Orcish Mines |   3825 |   3204 |    621 |    982 |   1344 |   2 | 1912.5 |
   Elven Halls |   7937 |   7277 |    660 |    694 |   5250 |   3 | 2645.7 |
        Vaults |  19649 |  16790 |   2859 |   3593 |   7338 |   5 | 3929.8 |
         Crypt |   8382 |   7877 |    505 |   2506 |   3051 |   3 | 2794.0 |
        Depths |  10684 |   9346 |   1338 |   1667 |   4979 |   4 | 2671.0 |
           Zot |  18599 |  18007 |    592 |   7334 |   4202 |   5 | 3719.8 |
         Abyss |   1021 |   1021 |      0 |    308 |     64 |   1 | 1021.0 |
         Sewer |    653 |    653 |      0 |    244 |    232 |   1 |  653.0 |
        Bailey |   1210 |   1210 |      0 |    555 |    185 |   1 | 1210.0 |
      Ice Cave |   1327 |   1327 |      0 |    333 |    439 |   1 | 1327.0 |
        Wizlab |   3055 |   3055 |      0 |   1694 |    335 |   1 | 3055.0 |
               +--------+--------+--------+--------+--------+-----+--------+

Top non-repeatable levels by time:
   Zot:5: 8626 daAuts
     D:9: 5813 daAuts
Vaults:3: 5294 daAuts
Vaults:5: 4297 daAuts
Spider:4: 4212 daAuts
Spider:3: 4034 daAuts
Vaults:4: 4033 daAuts
   Elf:3: 4026 daAuts
Vaults:1: 3872 daAuts
Depths:3: 3810 daAuts
    D:13: 3744 daAuts
 Crypt:3: 3604 daAuts
     D:8: 3397 daAuts
 Swamp:4: 3379 daAuts
    D:10: 3346 daAuts
